 Dungeon Crawl Stone Soup version 0.28.0-45-g0d030f2227 (webtiles) character file.

Game seed: 14113939763864826338

582 101zpm the Gusty (level 7, -9/51 HPs)
             Began as a Gnoll Air Elementalist on Apr 22, 2022.
             Mangled by Duvessa
             ... wielding a +0 short sword
              (14 damage)
             ... on level 4 of the Dungeon.
             The game lasted 00:15:08 (5638 turns).

101zpm the Gusty (Gnoll Air Elementalist)           Turns: 5638, Time: 00:15:08

Health: -9/51      AC:  3    Str:  7    XL:     7   Next: 36%
Magic:  13/15      EV: 14    Int: 22    God:
Gold:   226        SH:  0    Dex: 13    Spells: 15/17 levels left

rFire   . . .      SeeInvis .     - Unarmed
rCold   . . .      Faith    .   (no shield)
rNeg    . . .      Spirit   .   a - +0 robe
rPois   .          Reflect  .   (no helmet)
rElec   .          Harm     .   (no cloak)
rCorr   .          Rampage  .   (no gloves)
Will    .....                   h - +0 pair of boots
Stlth   +++.......              (no amulet)
HPRegen 0.17/turn               m - +6 ring of intelligence
MPRegen 0.14/turn               (no ring)

@: no status effects
A: fangs 1, strong nose, distributed training
a: no special abilities


You were on level 4 of the Dungeon.
You visited 1 branch of the dungeon, and saw 6 of its levels.

You collected 226 gold pieces.

Inventory:

Armour
 a - a +0 robe (worn)
 h - a +0 pair of boots (worn)
Jewellery
 m - a +6 ring of intelligence (left hand)
Wands
 i - a wand of paralysis (13)
 n - a wand of iceblast (7)
Scrolls
 c - 4 scrolls of identify {unknown}
 d - a scroll of fog {unknown}
 l - a scroll of acquirement {unknown}
Potions
 b - a potion of curing
 e - 2 potions of flight {unknown}
 f - a potion of lignification {unknown}
 g - a potion of degeneration {unknown}
 j - a potion of attraction {unknown}
 k - a potion of magic {unknown}


   Skills:
 + Level 2.4 Fighting
 + Level 2.4 Short Blades
 + Level 2.4 Long Blades
 + Level 2.4 Axes
 + Level 2.4 Maces & Flails
 + Level 2.4 Polearms
 + Level 2.4 Staves
 + Level 2.4 Slings
 + Level 2.4 Bows
 + Level 2.4 Crossbows
 + Level 2.4 Throwing
 + Level 2.4 Armour
 + Level 5.2 Dodging
 + Level 4.9 Stealth
 + Level 2.4 Shields
 + Level 2.4 Unarmed Combat
 + Level 5.6 Spellcasting
 + Level 2.9 Conjurations
 + Level 2.0 Hexes
 + Level 2.0 Summonings
 + Level 2.0 Necromancy
 + Level 2.0 Translocations
 + Level 2.0 Transmutations
 + Level 2.0 Fire Magic
 + Level 2.0 Ice Magic
 + Level 5.8 Air Magic
 + Level 2.0 Earth Magic
 + Level 2.0 Poison Magic
 + Level 2.7 Invocations
 + Level 2.4 Evocations


You had 15 spell levels left.
You knew the following spells:

 Your Spells              Type           Power      Damage    Failure   Level
a - Shock                 Conj/Air       100%       1d9       1%          1
b - Slow                  Hex            60%        N/A       4%          1

Your spell library contained the following spells:

 Spells                   Type           Power      Damage    Failure   Level
 Magic Dart               Conj           76%        1d6       2%          1
 Static Discharge         Conj/Air       25%        N/A       2%          2
 Swiftness                Air            31%        N/A       2%          3
 Freeze                   Ice            60%        1d8       4%          1
 Searing Ray              Conj           38%        2d5       4%          2
 Airstrike                Air            15%        N/A       9%          4
 Confusing Touch          Hex            15%        N/A       13%         3
 Frozen Ramparts          Ice            30%        1d5       13%         3
 Vampiric Draining        Necr           15%        2d7       13%         3
 Fulminant Prism          Conj/Hex       8%         3d7       34%         4
 Hailstorm                Conj/Ice       17%        3d6       34%         4


Dungeon Overview and Level Annotations

Branches:
Dungeon (6/15)
 Temple: D:4-7

Altars:

Annotations:
D:2 1 runed translucent door, Crazy Yiuf
D:4 Duvessa
D:6 4 runed translucent doors


Innate Abilities, Weirdness & Mutations

You have very sharp teeth.
Your uncanny sense of smell can sniff out nearby items.
Your experience applies equally to all skills.


Message History

Duvessa shouts!
Dowan casts a spell at you. The puff of flame misses you.
Aiming: Shock (safe; 1% risk of failure)
Press: ? - help, Q - select action, (/) - cycle Shift-Dir - straight line, f/p - Duvessa
Aim: Duvessa, wielding a +0 short sword and wearing a +0 ring mail (81% to hit)
The zap hits Dowan.
You kill Dowan!
Duvessa weeps, and shakes her weapon.
Duvessa goes berserk!
The zap hits Duvessa.
Duvessa is lightly wounded.
Your Hexes skill increases to level 2!
Your Summonings skill increases to level 2!
Your Necromancy skill increases to level 2!
Your Translocations skill increases to level 2!
Your Transmutations skill increases to level 2!
Your Fire Magic skill increases to level 2!
Your Ice Magic skill increases to level 2!
Your Earth Magic skill increases to level 2!
Your Poison Magic skill increases to level 2!
You hear a shout!
Duvessa hits you with a +0 short sword.
You hear a shout!
Duvessa hits you with a +0 short sword.
Things that are here:
a +0 chain mail; a +0 club Duvessa hits you with a +0 short sword.
Duvessa hits you with a +0 short sword! Duvessa hits you with a +0 short sword!
* * * LOW HITPOINT WARNING * * *
There is an escape hatch in the floor, spattered with blood here.
Things that are here:
a +0 chain mail; a +0 hand axe Duvessa rages.
There is a stone staircase leading up here.
Duvessa hits you with a +0 short sword!
* * * LOW HITPOINT WARNING * * *
Duvessa hits you with a +0 short sword!
You die...

.# #.##.#....#.#.# .## #.
.# #.##.#......#.# .#
#†.#.#.#....#.#### .#
##<#.#.#.......... .#
#...#.#..).#..... .#
##..#......########
.######........#........
.#
.#...###...##..#.#######
.# .#...#
#...##..#@e.#######.##
.#...#
#...##..####.........#
.#...#
#..###..####(........####
.....# #...
....................
##...#
...##..####....)....#
##...# ........[.####
....###
#.########.########
..........
#.............#
########.#
###.##.######.#


You could see Duvessa (berserk).

Vanquished Creatures
  2 scorpions
  Dowan (D:4)
  3 wights (D:5)
  A hound (D:2)
  A jelly (D:5)
  2 orc priests
  An orc wizard (D:4)
  Robin (D:2)
  A gnoll (D:1)
  3 adders
  2 adder skeletons (D:4)
  4 worms
  A dart slug (D:1)
  6 orcs
  10 ball pythons
  5 bats
  8 endoplasms
  4 giant cockroaches
  12 goblins
  8 hobgoblins
  2 frilled lizards (D:2)
  4 kobolds
  5 rats
87 creatures vanquished.

Vanquished Creatures (others)
  6 toadstools (D:5)
6 creatures vanquished.

Grand Total: 93 creatures vanquished

Notes
Turn   | Place    | Note
-------+----------+-------------------------------------------
     0 | D:1      | 101zpm the Gnoll Air Elementalist began the quest for the
                  | Orb.
     0 | D:1      | Reached XP level 1. HP: 13/13 MP: 6/6
   171 | D:1      | Reached XP level 2. HP: 19/19 MP: 4/7
   606 | D:1      | Reached XP level 3. HP: 25/25 MP: 6/9
   611 | D:1      | Reached skill level 5 in Spellcasting
  1131 | D:1      | Found a faded altar of an unknown god.
  1205 | D:2      | Noticed Robin
  1764 | D:2      | Reached skill level 1 in Invocations
  1831 | D:2      | Reached skill level 1 in Fighting
  1831 | D:2      | Reached skill level 1 in Short Blades
  1831 | D:2      | Reached skill level 1 in Long Blades
  1831 | D:2      | Reached skill level 1 in Axes
  1831 | D:2      | Reached skill level 1 in Maces & Flails
  1831 | D:2      | Reached skill level 1 in Polearms
  1831 | D:2      | Reached skill level 1 in Staves
  1831 | D:2      | Reached skill level 1 in Slings
  1831 | D:2      | Reached skill level 1 in Bows
  1831 | D:2      | Reached skill level 1 in Crossbows
  1831 | D:2      | Reached skill level 1 in Throwing
  1831 | D:2      | Reached skill level 1 in Armour
  1831 | D:2      | Reached skill level 1 in Shields
  1831 | D:2      | Reached skill level 1 in Unarmed Combat
  1831 | D:2      | Reached skill level 1 in Evocations
  2045 | D:2      | Reached XP level 4. HP: 32/32 MP: 9/11
  2113 | D:2      | Reached skill level 1 in Hexes
  2113 | D:2      | Reached skill level 1 in Summonings
  2113 | D:2      | Reached skill level 1 in Necromancy
  2113 | D:2      | Reached skill level 1 in Translocations
  2113 | D:2      | Reached skill level 1 in Transmutations
  2113 | D:2      | Reached skill level 1 in Fire Magic
  2113 | D:2      | Reached skill level 1 in Ice Magic
  2113 | D:2      | Reached skill level 1 in Earth Magic
  2113 | D:2      | Reached skill level 1 in Poison Magic
  2199 | D:2      | Killed Robin
  2253 | D:2      | Reached XP level 5. HP: 11/37 MP: 0/12
  2496 | D:2      | Found a runed translucent door.
  2497 | D:2      | Noticed Crazy Yiuf
  3509 | D:3      | Learned a level 1 spell: Slow
  3696 | D:3      | You fall into a shaft and drop 3 floors!
  3697 | D:6      | Found a large runed translucent door.
  3697 | D:6      | Found a large runed translucent door.
  3699 | D:6      | Found a large runed translucent door.
  3699 | D:6      | Found a large runed translucent door.
  3700 | D:6      | Noticed a two-headed ogre
  3779 | D:6      | Noticed a cyclops
  3794 | D:5      | Entered Level 5 of the Dungeon
  3855 | D:5      | Reached XP level 6. HP: 36/44 MP: 9/13
  4054 | D:5      | Reached skill level 5 in Dodging
  4207 | D:5      | Noticed a black bear
  4482 | D:4      | Reached XP level 7. HP: 50/50 MP: 11/15
  5618 | D:4      | Noticed Dowan
  5620 | D:4      | Noticed Duvessa
  5622 | D:4      | Killed Dowan
  5638 | D:4      | Mangled by Duvessa

Illustrated notes

Levels and vault maps discovered:
D:1:      dpeg_arrival_short_road, layout_loops_ring,
          dreamdust_ecumenical_altar_hidden_monk_grotto
D:2:      layout_basic, uniq_robin, uniq_crazy_yiuf_cottage
D:3:      layout_basic
D:4:      layout_basic, uniq_duvessa
D:5:      cheibrodos_fertilizer, layout_loops_ring, nrook_mini_vaults,
          chequers_avenue, minmay_misc_feat_diagonals, minmay_bent
D:6:      layout_basic, minmay_temple_entry_stoned_glass,
          minmay_hollow_rounded_squares

Skill      XL: |  1  2  3  4  5  6  7 |
---------------+----------------------+-----
Conjurations   | 2 |  2.9
Spellcasting   | 5 |  5.6
Invocations    | 1 2 |  2.7
Fighting       | 1 2 |  2.4
Short Blades   | 1 2 |  2.4
Long Blades    | 1 2 |  2.4
Axes           | 1 2 |  2.4
Maces & Flails | 1 2 |  2.4
Polearms       | 1 2 |  2.4
Staves         | 1 2 |  2.4
Slings         | 1 2 |  2.4
Bows           | 1 2 |  2.4
Crossbows      | 1 2 |  2.4
Throwing       | 1 2 |  2.4
Armour         | 1 2 |  2.4
Shields        | 1 2 |  2.4
Unarmed Combat | 1 2 |  2.4
Evocations     | 1 2 |  2.4
Hexes          | 1 2 |  2.0
Summonings     | 1 2 |  2.0
Necromancy     | 1 2 |  2.0
Translocations | 1 2 |  2.0
Transmutations | 1 2 |  2.0
Fire Magic     | 1 2 |  2.0
Ice Magic      | 1 2 |  2.0
Earth Magic    | 1 2 |  2.0
Poison Magic   | 1 2 |  2.0
Dodging        | 5 |  5.2
Stealth        | |  4.9
Air Magic      | |  5.8

Action                   |  1- 3 |  4- 6 |  7- 9 || total
-------------------------+-------+-------+-------++-------
Melee: Unarmed           |       |     6 |     5 ||    11
 Cast: Shock             |    72 |   104 |    35 ||   211
       Slow              |       |     4 |       ||     4
Armor: Robe              |     1 |     5 |       ||     6
Dodge: Dodged            |     4 |    18 |    16 ||    38
